 Dungeon Crawl Stone Soup version 0.30.1-9-gdf580d7c3d (webtiles) character file.

Game seed: 13252252830901762184

41783 Chiseanne the Destroyer (level 13, -4/84 (86) HPs)
             Began as a Demonspawn Wanderer on Oct 13, 2023.
             Was an Initiate of Gozag.
             Slain by a hellwing (13 damage)
             ... summoned by an orc sorcerer
             ... on level 2 of the Orcish Mines.
             The game lasted 01:20:39 (20376 turns).

Chiseanne the Destroyer (Demonspawn Wanderer)      Turns: 20376, Time: 01:20:40

HP:   -4/84 (86)    AC:  5    Str: 11    XL:     13   Next: 81%
MP:   0/28          EV: 17    Int: 20    God:    Gozag
Gold: 1867          SH:  7    Dex: 13    Spells: 17/35 levels left

rFire   + + .        a - +6 dagger (venom)
rCold   + . .        i - +1 buckler
rNeg    + + .        n - +0 robe {rC+ rF+}
rPois   +            d - +1 helmet of Eternity {*Corrode rF+ rN++ Stlth+}
rElec   .            L - +2 cloak {Will+}
rCorr   +            P - +0 pair of gloves
SInv    .            q - +0 pair of boots
Will    +....        h - amulet of regeneration
Stlth   +++          o - +4 ring of protection
HPRegen 1.14/turn    l - ring of poison resistance
MPRegen 0.42/turn

%: corrode self (3%), guardian spirit
@: agile, corroded, lightly drained
A: yellow scales 3, powered by pain 1, magic shield, magic regeneration, demonic
touch 1
a: Renounce Religion, Potion Petition, Call Merchant, Bribe Branch


You were on level 2 of the Orcish Mines.
You worshipped Gozag.
Gozag was most pleased with you.
You visited 3 branches of the dungeon, and saw 18 of its levels.
You also visited: Bailey and Gauntlet.

You collected 4297 gold pieces.
You spent 1442 gold pieces at shops.
You paid 988 gold pieces to Gozag.

Inventory:

Hand Weapons
 a - a +6 dagger of venom (weapon)
 s - a +4 scimitar of flaming
Missiles
 j - 3 throwing nets
 k - 24 poisoned darts (quivered)
 r - 4 javelins
 C - 21 boomerangs
 J - 8 curare-tipped darts
Armour
 d - the +1 helmet of Eternity (worn) {*Corrode rF+ rN++ Stlth+}
   (You bought it in a shop on level 7 of the Dungeon)

   rF:        It protects you from fire.
   rN:        It greatly protects you from negative energy.
   *Corrode:  It may corrode you when you take damage.
   Stlth:     It makes you more stealthy.
 i - a +1 buckler (worn)
 n - a +0 robe of resistance (worn)
 q - a +0 pair of boots (worn)
 D - a +0 kite shield
 L - a +2 cloak of willpower (worn)
 M - a +0 tower shield
 P - a +0 pair of gloves (worn)
Magical Staves
 V - a staff of cold
Jewellery
 b - a ring of flight
 g - an amulet of reflection
 h - an amulet of regeneration (around neck)
 l - a ring of poison resistance (right hand)
 m - a +4 ring of protection
 o - a +4 ring of protection (left hand)
Wands
 z - a wand of paralysis (7)
 H - a wand of iceblast (26)
 Q - a wand of digging (10)
Scrolls
 u - 3 scrolls of immolation
 x - 6 scrolls of identify
 y - a scroll of fog
 A - 2 scrolls of poison
Potions
 e - a potion of invisibility
 f - 2 potions of resistance
 p - a potion of curing
 t - 2 potions of might
 E - 3 potions of brilliance
 I - 3 potions of flight
 R - 2 potions of mutation
Miscellaneous
 c - a box of beasts
 U - a condenser vane
 W - a lightning rod (4/4)


   Skills:
 * Level 3.0 Fighting
 * Level 3.0 Dodging
 - Level 1.7 Stealth
 * Level 7.4 Shields
 * Level 11.9 Spellcasting
 - Level 12.1 Conjurations
 - Level 6.1 Translocations
 - Level 6.2 Fire Magic
 - Level 5.8 Ice Magic
 - Level 5.9 Air Magic
 - Level 2.4 Earth Magic
 - Level 5.5 Poison Magic


You had 17 spell levels left.
You knew the following spells:

 Your Spells              Type           Power      Damage    Failure   Level
a - Shock                 Conj/Air       100%       1d9       1%          1
b - Stone Arrow           Conj/Erth      82%        3d12      1%          3
c - Iskenderun's Mystic   Conj/Tloc      48%        2d11      1%          4
d - Mephitic Cloud        Conj/Pois/Air  43%        N/A       1%          3
e - Ensorcelled Hibernat  Hex/Ice        46%        N/A       3%          2
f - Volatile Blastmotes   Fire/Tloc      72%        2d16      1%          3
g - Passwall              Tmut/Erth      13%        N/A       7%          2

Your spell library contained the following spells:

 Spells                   Type           Power      Damage    Failure   Level
 Apportation              Tloc           72%        N/A       1%          1
 Magic Dart               Conj           100%       1d8       1%          1
 Scorch                   Fire           72%        2d8       1%          2
 Static Discharge         Conj/Air       96%        2-6/arc   1%          2
 Hailstorm                Conj/Ice       47%        3d11      1%          3
 Swiftness                Air            35%        N/A       1%          3
 Flame Wave               Conj/Fire      48%        2d12      1%          4
 Sandblast                Erth           42%        2d11      2%          1
 Portal Projectile        Hex/Tloc       48%        N/A       6%          3
 Fulminant Prism          Conj/Hex       18%        3d11      6%          4
 Necrotise                Necr           44%        1d6       8%          1
 Summon Small Mammal      Summ           44%        N/A       8%          1
 Tukima's Dance           Hex            11%        N/A       22%         3
 Summon Forest            Summ/Tloc      12%        N/A       52%         5
 Lee's Rapid Deconstruct  Erth           10%        3d8*      58%         5
 Borgnjor's Vile Clutch   Necr/Erth      8%         N/A       77%         5
 Blade Hands              Tmut           5%         N/A       91%         5
 Summon Mana Viper        Hex/Summ       11%        N/A       91%         5
 Death Channel            Necr           5%         N/A       100%        6
 Summon Cactus Giant      Summ           5%         N/A       100%        6
 Animate Dead             Necr           Unusable   N/A       N/A         4

Dungeon Overview and Level Annotations

Branches:
Dungeon (15/15)            Temple (1/1) D:6            Lair (0/5) D:9
    Orc (2/2) D:9             Elf (0/3) Orc:2        Vaults (0/5) D:14
 Depths (0/4) D:15         Bailey (visited)         Gauntlet (visited)

Altars:
Ashenzari
Cheibriados
Dithmenos
Fedhas
Gozag
Hepliaklqana
Kikubaaqudgha
Makhleb
Nemelex Xobeh
Okawaru
Qazlal
Ru
Sif Muna
Trog
Uskayaw
Vehumet
Wu Jian
Xom
Yredelemnul

Shops:
D:2 [   D:7 [   D:15 =

Annotations:
D:7 2 runed translucent doors, 1 exclusion


Innate Abilities, Weirdness & Mutations

You are completely covered in yellow scales. (AC +4, rCorr)
You sometimes gain a little power by taking damage.
When hurt, damage is shared between your health and your magic reserves.
You regenerate magic rapidly.
Your touch may inflict minor irresistible damage on your foes.


Message History

Something tries to affect you, but you resist.
The rust devil hits you. The rust devil corrodes you!
You hear some strange, mumbled words.
The hellwing hits you.
* * * LOW HITPOINT WARNING * * *
You block the hellwing's attack.
The hellwing swoops through the air toward you!
The hellwing misses you. The hellwing hits you.
* * * LOW HITPOINT WARNING * * *
The orc wizard shouts!
You feel better.
The orc wizard is no longer distracted by gold.
You block something's attack.
The orc is distracted by your dazzling golden aura.
The smoke demon gestures at you. Something smites you!
* * * LOW HITPOINT WARNING * * *
The hellwing misses you. The hellwing closely misses you.
The rust devil hits you. You block the hellwing's attack.
The hellwing hits you.
* * * LOW HITPOINT WARNING * * *
The smoke demon attacks as you move away!
The smoke demon hits you but does no damage.
The smoke demon closely misses you. The smoke demon barely misses you.
The smoke demon is distracted by your dazzling golden aura.
The hellwing completely misses you. The hellwing hits you.
* * * LOW HITPOINT WARNING * * *
You block the hellwing's attack. The hellwing hits you.
* * * LOW HITPOINT WARNING * * *
Okay, then.
Okay, then. [a] - 399 gold - might, brilliance, curing and magic [b] - 145 gold - heal wounds [c] - 624 gold - haste, resistance and might Purchase which effect?
You feel much better. Something hits you!
* * * LOW HITPOINT WARNING * * *
The rust devil hits you. The hellwing hits you!
You die...
Your body crumbles into a pile of gold.

##.##.....##.## ##....
#..##..○..##..####....
##....o○○......##......
###....{...°°.°..........
#####.○...##.....##..........
##.#.....°.##oo○○.##......)...
#........○oo{°3o............#.
##.......○..°°44.........##..#.
#...###.°.○..4@{...°...###.....
##...##...○.°○...°.°°..##......
##.####.○.......°°...##.......
#######.#..°.○...))...####....#.
##....#.....°..○.○.○.○..##.......
#...........○.°)..○.○°.##........
#......................#[#.#....[
##........................####...
##..........................#....


You could see 2 hellwings, a rust devil (summoned), a smoke demon (summoned,
unaware), 3 orc sorcerers, an orc wizard and 2 orcs.

Vanquished Creatures
  A very ugly thing (D:15)
  Snorg (D:14)
  Harold (D:11)
  Fannar (D:11)
  2 great orbs of eyes
  2 hydras (D:14)
  A rakshasa (D:15)
  7 centaur warriors
  A tengu warrior (D:14)
  5 boulder beetles
  2 two-headed ogres
  The ghost of Voland the Zephyrmancer, a journeyman TeAE of Sif Muna (Orc:1)
  An orc high priest (Orc:1)
  4 ugly things
  A deep elf pyromancer (D:14)
  6 orc sorcerers (Orc:2)
  5 cyclopes
  4 manticores
  Joseph (D:7)
  Maurice (D:9)
  An unseen horror (D:13)
  An efreet (D:14)
  2 freezing wraiths
  2 tengu conjurers (D:14)
  8 trolls
  A hornet (D:9)
  13 slime creatures
  A wraith (D:13)
  2 shadows
  6 yaks (D:9)
  A water elemental (D:11)
  A basilisk (D:13)
  A golden eye (shapeshifter) (D:15)
  Grum (D:9)
  2 steam dragons
  A warg (Orc:1)
  4 vampire mosquitoes (D:13)
  Edmund (D:6)
  2 acid dragons
  5 ice beasts
  A sky beast (D:7)
  A black bear (D:7)
  14 orc warriors
  A black bear (shapeshifter) (D:15)
  10 ogres
  6 wolves
  5 boggarts (D:14)
  20 centaurs
  A phantom (D:4)
  7 kobold brigands (Bailey)
  4 bullfrogs
  A gnoll sergeant (D:6)
  2 scorpions
  A wight (D:7)
  13 killer bees
  11 electric eels
  2 howler monkeys (D:7)
  6 hounds
  3 jellies
  4 gnoll boudas
  10 orc priests
  8 iguanas
  25 orc wizards
  5 adders
  24 gnolls
  3 shadow imps
  A white imp (D:6)
  2 ufetubi
  43 orcs
  2 ball pythons
  6 endoplasms
  5 giant cockroaches
  11 goblins
  10 hobgoblins
  8 jackals
  4 quokkas
  2 bats (D:3)
  4 frilled lizards
  12 kobolds
  13 rats
415 creatures vanquished.

Vanquished Creatures (others)
  A centaur (D:14)
  An orc wizard (D:11)
2 creatures vanquished.

Grand Total: 417 creatures vanquished

Notes
Turn   | Place    | Note
-------+----------+-------------------------------------------
     0 | D:1      | Chiseanne the Demonspawn Wanderer began the quest for the
                  | Orb.
     0 | D:1      | Chiseanne set off with the following items: a +0 dagger, a
                  | potion of attraction, a +0 robe, a +0 helmet; and the
                  | following spells available to memorise: Shock, Magic Dart,
                  | Static Discharge, Mephitic Cloud, Hailstorm.
     0 | D:1      | Reached XP level 1. HP: 13/13 MP: 4/4
     7 | D:1      | Learned a level 1 spell: Shock
   192 | D:1      | Gained mutation: Your touch may inflict minor irresistible
                  | damage on your foes. [demonic ancestry]
   192 | D:1      | Reached XP level 2. HP: 19/19 MP: 1/6
   542 | D:1      | Reached skill level 2 in Conjurations
  1243 | D:2      | Gained mutation: You are partially covered in yellow
                  | scales. (AC +2) [demonic ancestry]
  1243 | D:2      | Reached XP level 3. HP: 24/24 MP: 4/8
  1814 | D:2      | Found Xiad's Antique Armour Boutique.
  2101 | D:3      | Noticed an ice beast
  2188 | D:3      | Killed an ice beast
  2189 | D:3      | Reached skill level 3 in Conjurations
  2189 | D:3      | Gained mutation: You regenerate magic rapidly. [demonic
                  | ancestry]
  2189 | D:3      | Reached XP level 4. HP: 19/30 MP: 3/10
  2189 | D:3      | Gained mutation: You are mostly covered in yellow scales.
                  | (AC +3) [demonic ancestry]
  2189 | D:3      | Reached XP level 5. HP: 23/35 MP: 3/11
  2287 | D:3      | Learned a level 3 spell: Mephitic Cloud
  2557 | D:3      | Found a hazy altar of Hepliaklqana.
  3313 | D:4      | Found a burning altar of Makhleb.
  3522 | D:5      | Entered Level 5 of the Dungeon
  3522 | D:5      | Noticed a phantom
  3538 | D:4      | Killed a phantom
  3539 | D:4      | Reached skill level 1 in Poison Magic
  3539 | D:4      | Reached XP level 6. HP: 39/41 MP: 1/13
  3600 | D:5      | Reached skill level 4 in Conjurations
  3818 | D:5      | Noticed a two-headed ogre
  3866 | D:6      | Reached skill level 5 in Spellcasting
  4085 | D:6      | Reached XP level 7. HP: 30/46 MP: 8/14
  4146 | D:6      | Noticed Edmund
  4193 | D:6      | Found an iron altar of Okawaru.
  4206 | D:6      | Noticed a troll
  4221 | D:6      | Chiseanne: a troll...on level 6...you stink as
                  | gamedevs...disgusting beeings
  4361 | D:7      | Reached skill level 5 in Conjurations
  4456 | D:7      | Gained mutation: You sometimes gain a little power by
                  | taking damage. [demonic ancestry]
  4456 | D:7      | Reached XP level 8. HP: 52/52 MP: 10/16
  4610 | D:7      | Found a runed translucent door.
  4610 | D:7      | Found a runed translucent door.
  4813 | D:7      | Reached skill level 5 in Air Magic
  4952 | D:7      | Noticed Joseph
  4991 | D:7      | Reached skill level 6 in Conjurations
  5071 | D:6      | Killed Edmund
  5100 | D:5      | Found a sacrificial altar of Ru.
  5303 | D:5      | Learned a level 2 spell: Ensorcelled Hibernation
  5315 | D:5      | Reached skill level 5 in Poison Magic
  5422 | D:5      | Gained mutation: You are completely covered in yellow
                  | scales. (AC +4, rCorr) [demonic ancestry]
  5422 | D:5      | Reached XP level 9. HP: 57/57 MP: 7/18
  5549 | D:5      | Found a broken altar of Ashenzari.
  6064 | D:6      | Killed a troll
  6108 | D:6      | Found a staircase to the Ecumenical Temple.
  6120 | Temple   | Entered the Ecumenical Temple
  6696 | D:7      | Killed Joseph
  6697 | D:7      | Reached skill level 7 in Conjurations
  6697 | D:7      | Reached skill level 1 in Ice Magic
  6770 | D:7      | Found Veuxer's Armour Boutique.
  7338 | D:8      | Found an opulent altar of Gozag.
  7344 | D:8      | Became a worshipper of Gozag Ym Sagoz the Greedy
  7549 | D:8      | Found a snail-covered altar of Cheibriados.
  7944 | D:9      | Noticed a two-headed ogre
  7944 | D:9      | Found a staircase to the Orcish Mines.
  7977 | D:9      | Noticed Maurice
  7989 | D:9      | Killed Maurice
  8003 | D:9      | Noticed a troll
  8004 | D:9      | Gained mutation: When hurt, damage is shared between your
                  | health and your magic reserves. [demonic ancestry]
  8004 | D:9      | Reached XP level 10. HP: 63/63 MP: 12/21
  8021 | D:8      | Reached skill level 8 in Conjurations
  8224 | D:9      | Found a shimmering altar of Xom.
  8399 | D:9      | Found a staircase to the Lair.
  8461 | D:9      | Noticed Grum
  8482 | D:9      | Killed Grum
  8656 | D:9      | Reached skill level 5 in Ice Magic
  8686 | D:9      | Killed a two-headed ogre
  8687 | D:9      | Reached skill level 9 in Conjurations
  9074 | D:9      | Learned a level 4 spell: Iskenderun's Mystic Blast
  9077 | D:9      | Learned a level 2 spell: Passwall
  9081 | D:9      | Learned a level 3 spell: Volatile Blastmotes
  9401 | D:9      | Found a stormy altar of Qazlal.
  9401 | D:9      | Found a basalt altar of Yredelemnul.
  9576 | D:2      | Bought a distressingly furry cloak for 237 gold pieces
  9576 | D:2      | Identified the +1 cloak "Iclewkufucw" {Drain Will+ Str+3}
                  | (You bought it in a shop on level 2 of the Dungeon)
  9579 | D:2      | Bought a smouldering ring mail for 225 gold pieces
  9579 | D:2      | Identified the +5 ring mail "Woqevvu" {Harm Will+ Dex+2}
                  | (You bought it in a shop on level 2 of the Dungeon)
  9584 | D:2      | Bought a helmet for 112 gold pieces
  9627 | D:2      | Bought a pair of gloves for 112 gold pieces
  9780 | D:10     | Entered Level 10 of the Dungeon
  9788 | D:10     | Reached XP level 11. HP: 68/68 MP: 21/24
 10089 | D:10     | Found a bloodstained altar of Trog.
 10231 | D:10     | Found a flagged portal.
 10244 | Bailey   | Entered a bailey
 10436 | Bailey   | Reached skill level 1 in Shields
 10442 | Bailey   | Reached skill level 1 in Translocations
 10442 | Bailey   | Reached skill level 1 in Fire Magic
 10525 | Bailey   | Found an iron altar of Okawaru.
 10975 | D:11     | Noticed Fannar
 10977 | D:11     | Noticed a boulder beetle
 11016 | D:11     | Killed Fannar
 11153 | D:11     | Noticed a boulder beetle
 11166 | D:11     | Killed a boulder beetle
 11167 | D:11     | Reached skill level 10 in Conjurations
 11168 | D:11     | Noticed Harold
 11211 | D:11     | Killed Harold
 11270 | D:11     | Killed a boulder beetle
 11479 | D:11     | Chiseanne: oh look! a "miscast"..right in time...again!
 11923 | D:7      | Bought the +1 helmet of Eternity {*Corrode rF+ rN++ Stlth+}
                  | for 436 gold pieces
 12043 | D:12     | Noticed a boulder beetle
 12057 | D:12     | Killed a boulder beetle
 12201 | D:12     | Reached skill level 10 in Spellcasting
 12995 | D:13     | Reached XP level 12. HP: 47/74 MP: 2/26
 13062 | D:13     | Identified the +2 pair of boots of Palluhugg {rC- Str+5}
 13113 | D:13     | Noticed a two-headed ogre
 13137 | D:13     | Killed a two-headed ogre
 13578 | D:13     | Noticed a centaur warrior
 13593 | D:13     | Killed a centaur warrior
 14072 | D:14     | Noticed a centaur warrior
 14112 | D:14     | Noticed Snorg
 14130 | D:14     | Noticed a boulder beetle
 14133 | D:14     | Noticed a five-headed hydra
 14191 | D:13     | Chiseanne: right
 14259 | D:14     | Noticed a centaur warrior
 14277 | D:14     | Noticed a centaur warrior
 14279 | D:14     | Killed a centaur warrior
 14285 | D:14     | Noticed a centaur warrior
 14409 | D:14     | Killed a centaur warrior
 14422 | D:14     | Killed Snorg
 14455 | D:14     | Killed a centaur warrior
 14456 | D:14     | Reached skill level 11 in Conjurations
 14575 | D:14     | Killed a centaur warrior
 14576 | D:14     | Reached skill level 5 in Shields
 14576 | D:14     | Reached skill level 5 in Translocations
 14576 | D:14     | Reached skill level 5 in Fire Magic
 14663 | D:14     | Killed a boulder beetle
 15212 | D:14     | Noticed a four-headed hydra
 15222 | D:14     | Killed a four-headed hydra
 15466 | D:14     | Noticed a tengu warrior
 15628 | D:14     | Killed a tengu warrior
 15734 | D:14     | Found a gate to the Vaults.
 15750 | D:14     | Noticed a great orb of eyes
 15779 | D:14     | Killed a great orb of eyes
 15780 | D:14     | Reached XP level 13. HP: 71/79 MP: 5/28
 16083 | D:14     | Chiseanne: 2% and I keep fizzling..isnt that random ?
                  | or..."random" ?
 16323 | D:15     | Entered Level 15 of the Dungeon
 16837 | D:15     | Reached skill level 1 in Earth Magic
 17224 | D:15     | Noticed a cyan very ugly thing
 17444 | D:15     | Killed a cyan very ugly thing
 17495 | D:15     | Paralysed by a great orb of eyes for 2 turns
 17758 | D:15     | Reached skill level 12 in Conjurations
 17783 | D:15     | Chiseanne: right.."rng"...
 18108 | D:15     | Found a staircase to the Depths.
 18153 | D:15     | Bought a ring of poison resistance for 320 gold pieces
 18168 | D:15     | Learned a level 3 spell: Stone Arrow
 18324 | Orc:1    | Entered Level 1 of the Orcish Mines
 18463 | Orc:1    | Reached skill level 1 in Fighting
 18807 | Orc:1    | Found a runed translucent door.
 18808 | Orc:1    | Noticed Voland's ghost (journeyman TeAE)
 18831 | Orc:1    | Killed Voland's ghost
 19021 | Orc:2    | Entered Level 2 of the Orcish Mines
 19021 | Orc:2    | Found a staircase to the Elven Halls.
 19021 | Orc:2    | Found a gate leading to a gauntlet.
 19191 | Gauntlet | Entered a Gauntlet
 19191 | Gauntlet | Found a transporter.
 19201 | Gauntlet | Found a transporter.
 19216 | Gauntlet | Found a transporter.
 19222 | Gauntlet | Found a transporter.
 19237 | Gauntlet | Found a transporter.
 19253 | Gauntlet | Found a transporter.
 19268 | Gauntlet | Found a transporter.
 19280 | Gauntlet | Found a transporter.
 19292 | Gauntlet | Found a transporter.
 19304 | Gauntlet | Found a transporter.
 19321 | Gauntlet | Found a transporter.
 19338 | Gauntlet | Found a transporter.
 19340 | Gauntlet | Found a transporter.
 19367 | Gauntlet | Found a transporter.
 19367 | Gauntlet | Found a transporter.
 19369 | Gauntlet | Found a transporter.
 19397 | Gauntlet | Found a transporter.
 20371 | Orc:2    | HP: 4/86 [smoke demon/divine providence[an orc sorcerer]
                  | (13)]
 20376 | Orc:2    | Slain by a hellwing

Illustrated notes

Levels and vault maps discovered:
D:1:      lemuel_arrival_lava_pool, layout_loops_ring, serial_bayou,
          serial_bayou_ford_a, serial_bayou_pond_a, serial_bayou_pond_a,
          serial_bayou_pond_a, st_stairs_8,
          nicolae_concentric_dashed_squares_mild, minmay_rat_gold_closets
D:2:      layout_loops_ring, serial_shops, nicolae_shop_waterfront
D:3:      layout_basic, nicolae_hepliaklqana_hippocampus
D:4:      layout_loops_cross, lightli_temple_of_fire
D:5:      layout_rooms, evilmike_ruin_ashenzari,
          mainiacjoe_overflow_six_doors_small
D:6:      layout_loops_cross, mainiacjoe_overflow_boulevard, elyvilon_altar_5,
          minmay_temple_entry_offerings, uniq_edmund
D:7:      minmay_the_grid_triangle_9x9_rhombus_full
          [minmay_the_grid_triangle_9x9_windchime,
          minmay_the_grid_triangle_9x9_tough_junction,
          minmay_the_grid_triangle_9x9_odd_lines,
          minmay_the_grid_triangle_9x9_zippers_vertical,
          minmay_the_grid_triangle_9x9_dagger,
          minmay_the_grid_triangle_9x9_checkered,
          minmay_the_grid_triangle_9x9_swiss_cheese,
          minmay_the_grid_triangle_9x9_prize_schism], layout_basic,
          lemuel_crystal_altar, serial_shops, kennysheep_mini, uniq_joseph
D:8:      layout_basic, nicolae_gozag_cash_rules_everything_around_me,
          kennysheep_little_box
D:9:      layout_irregular_city, mainiacjoe_overflow_concentric_impassable,
          gammafunk_temple_overflow_wave, erik_lair_island, orc_0_dummy,
          uniq_maurice, uniq_grum
D:10:     layout_gridville, bloody_trog, enter_bailey_3, corexii_corridor_pit
D:11:     layout_basic, uniq_fannar, uniq_harold
D:12:     layout_loops_ring
D:13:     layout_long_grid, kennysheep_big_empty_room
D:14:     layout_basic, david_vaults_5, uniq_snorg
D:15:     gammafunk_enter_depths_forms, layout_loops_ring, abandoned_shop
Temple:   dpeg_three_leaves_temple
Orc:1:    layout_diamond_mine, ebering_ghost_inner_flame
Orc:2:    kennysheep_orc_mage_school, layout_caves, gauntlet_entry_generic

Skill      XL: |  1  2  3  4  5  6  7  8  9 10 11 12 13 |
---------------+----------------------------------------+-----
Conjurations   | 2 3 4 5 6 7 9 10 11 12 | 12.1
Spellcasting   | 4 5 6 7 9 10 11 | 11.9
Air Magic      | 3 4 5 |  5.9
Poison Magic   | 1 2 3 5 |  5.5
Ice Magic      | 3 5 |  5.8
Shields        | 3 5 7 |  7.4
Translocations | 3 5 6 |  6.1
Fire Magic     | 3 5 6 |  6.2
Earth Magic    | 2 |  2.4
Fighting       | 3 |  3.0
Dodging        | 3 |  3.0
Stealth        | |  1.7

Action                     |  1- 3 |  4- 6 |  7- 9 | 10-12 | 13-15 || total
---------------------------+-------+-------+-------+-------+-------++-------
  Melee: Whip              |    32 |    17 |     8 |       |       ||    57
         Dagger            |     2 |       |    49 |   364 |   116 ||   531
         Punch             |     1 |       |     2 |       |       ||     3
         Touch             |     1 |     1 |    15 |    29 |       ||    46
  Throw: Dart              |       |       |    21 |    22 |       ||    43
   Cast: Shock             |    71 |   132 |   284 |   285 |   159 ||   931
         Mephitic Cloud    |       |       |    22 |   112 |    35 ||   169
         Iskenderun's Myst |       |       |       |    44 |    57 ||   101
         Volatile Blastmot |       |       |       |    28 |    45 ||    73
         Ensorcelled Hiber |       |       |       |     7 |     3 ||    10
         Stone Arrow       |       |       |       |       |    43 ||    43
 Invoke: Potion Petition   |       |       |       |       |     1 ||     1
         Call Merchant     |       |       |       |       |     1 ||     1
  Evoke: Wand              |       |       |     1 |    29 |     3 ||    33
         Lightning rod     |       |       |       |     8 |       ||     8
         Condenser vane    |       |       |       |     1 |       ||     1
    Use: Scroll            |     6 |     4 |    11 |    15 |     8 ||    44
         Potion            |       |     2 |     2 |     5 |     5 ||    14
   Stab: Sleeping          |     3 |       |       |     5 |       ||     8
         Paralysed         |       |       |     4 |     1 |       ||     5
         Confused          |       |       |     2 |    30 |     8 ||    40
         Invisible         |       |       |     1 |     1 |       ||     2
         Distracted        |       |       |       |     2 |       ||     2
 Armour: Robe              |    11 |    11 |    83 |   175 |   104 ||   384
         Steam dragon scal |       |       |    19 |   145 |       ||   164
  Dodge: Dodged            |    21 |    29 |    84 |   295 |    88 ||   517
  Block: Buckler           |       |       |       |    95 |    39 ||   134
